 Dungeon Crawl Stone Soup version 0.28.0-49-g6dfe1f597d (webtiles) character file.

Game seed: 16455164828187194366

177 Gabide the Poker (level 5, -2/41 HPs)
             Began as a Demonspawn Monk on May 13, 2022.
             Killed by divine providence
             ... invoked by an orc priest
              (14 damage)
             ... on level 3 of the Dungeon.
             The game lasted 00:04:38 (2426 turns).

Gabide the Poker (Demonspawn Monk)                  Turns: 2426, Time: 00:04:38

Health: -2/41      AC:  9    Str: 13    XL:     5   Next: 31%
Magic:  5/5        EV: 11    Int: 11    God:
Gold:   90         SH:  4    Dex: 16    Spells: 4/4 levels left

rFire   . . .      SeeInvis +   l - +0 halberd
rCold   . . .      Faith    .   (shield currently unavailable)
rNeg    . . .      Spirit   .   g - +1 ring mail
rPois   .          Reflect  .   (helmet restricted)
rElec   .          Harm     .   h - +0 cloak
rCorr   .          Rampage  .   (no gloves)
Will    .....                   (no boots)
Stlth   +.........              (no amulet)
HPRegen 0.13/turn               j - ring of wizardry
MPRegen 0.09/turn               (no ring)

@: no status effects
A: antennae 1, hooves 1, spiny 1, condensation shield, iridescent scales 1, see
invisible
a: no special abilities


You were on level 3 of the Dungeon.
You visited 1 branch of the dungeon, and saw 3 of its levels.

You collected 90 gold pieces.

Inventory:

Hand Weapons
 l - a +0 halberd (weapon)
Armour
 g - a +1 ring mail (worn)
 h - a +0 cloak (worn)
Jewellery
 j - a ring of wizardry (left hand)
Scrolls
 f - a scroll of brand weapon
 i - a scroll of magic mapping {unknown}
 k - a scroll of torment {unknown}
Potions
 a - a potion of degeneration {unknown}
 b - a potion of curing {unknown}


   Skills:
 - Level 3.0 Fighting
 + Level 4.4 Polearms
 - Level 3.0 Armour
 - Level 2.6 Dodging
 - Level 1.7 Stealth


You had 4 spell levels left.
You didn't know any spells.
Your spell library contained the following spells:

 Spells                   Type           Power      Damage    Failure   Level
 Freezing Cloud           Conj/Ice/Air   0%         6-21      100%        5
 Simulacrum               Ice/Necr       0%         N/A       100%        6
 Polar Vortex             Ice            0%         N/A       100%        9


Dungeon Overview and Level Annotations

Branches:
Dungeon (3/15)

Altars:
Xom


Innate Abilities, Weirdness & Mutations

You have a pair of small antennae on your head.
You have large cloven feet.
You are partially covered in sharp spines.
A meltable shield of frost defends you. (SH +4)
You are partially covered in iridescent scales. (AC +2)
You have supernaturally acute eyesight. (SInv)


Message History

You are too injured to fight recklessly!
You are too injured to fight recklessly!
You are too injured to fight recklessly!
You are too injured to fight recklessly!
You are too injured to fight recklessly!
You are too injured to fight recklessly!
You are too injured to fight recklessly!
An orc comes into view. It is wielding a +0 club.
The orc is struck by your spines. The orc barely misses you.
The orc priest looks braver for a moment.
You barely miss the orc.
The orc is heavily wounded.
The orc hits you but does no damage.
The orc priest casts a cantrip, but nothing happens.
You block the orc's attack.
You hit the orc. You kick the orc.
You kill the orc!
You closely miss the orc priest. The orc priest barely misses you.
You block the orc priest's attack.
You barely miss the orc priest.
You kick the orc priest, but do no damage.
The orc priest begins to cast a cantrip, but forgets the words!
You closely miss the orc priest. The orc priest hits you with a +0 club.
* * * LOW HITPOINT WARNING * * *
You hit the orc priest. Your kick misses the orc priest.
The orc priest is moderately wounded.
The orc priest is struck by your spines.
The orc priest hits you but does no damage.
You barely miss the orc priest.
You kick the orc priest, but do no damage.
The orc priest is heavily wounded.
The orc priest is struck by your spines.
The orc priest hits you but does no damage.
The orc priest closely misses you.
You hit the orc priest but do no damage.
You kick the orc priest, but do no damage.
The orc priest is severely wounded.
The orc priest calls down the wrath of Beogh upon you.
Beogh smites you!
You die...

#......####'####.#......##.#
######## #..# #.#...[..##.#
##.# #.#########.# #.# #.#
#.# #.. #.# #.# #.# #@# #o#
#o# .o# ..# ..># ####


You could see an orc priest and 2 orcs.

Vanquished Creatures
  3 gnolls (D:3)
  7 adders
  A white imp (D:3)
  3 dart slugs
  A worm (D:2)
  2 orcs (D:3)
  5 bats
  4 endoplasms
  3 giant cockroaches
  10 goblins
  5 hobgoblins (D:1)
  3 jackals (D:1)
  5 kobolds
  4 quokkas
  4 ball pythons
  7 rats
67 creatures vanquished.

Notes
Turn   | Place    | Note
-------+----------+-------------------------------------------
     0 | D:1      | Gabide the Demonspawn Monk began the quest for the Orb.
     0 | D:1      | Reached XP level 1. HP: 18/18 MP: 1/1
   200 | D:1      | Reached skill level 3 in Polearms
   204 | D:1      | Gained mutation: A meltable shield of frost defends you.
                  | (SH +4) [demonic ancestry]
   204 | D:1      | Reached XP level 2. HP: 13/24 MP: 2/2
   206 | D:1      | Reached skill level 1 in Armour
   972 | D:1      | Discovered your monstrous ancestry.
   972 | D:1      | Gained mutation: You have large cloven feet. [demonic
                  | ancestry]
   972 | D:1      | Reached XP level 3. HP: 26/29 MP: 3/3
  1363 | D:2      | Gained mutation: You have a pair of small antennae on your
                  | head. [demonic ancestry]
  1363 | D:2      | Reached XP level 4. HP: 31/35 MP: 4/4
  1397 | D:2      | Found a shimmering altar of Xom.
  1817 | D:3      | HP: 1/35 [gnoll/+0 halberd (14)]
  1819 | D:3      | Reached skill level 4 in Polearms
  1836 | D:3      | Gained mutation: You are partially covered in iridescent
                  | scales. (AC +2) [potion of mutation]
  1836 | D:3      | Gained mutation: You have supernaturally acute eyesight.
                  | (SInv) [potion of mutation]
  1840 | D:3      | Gained mutation: You are partially covered in sharp spines.
                  | [demonic ancestry]
  1840 | D:3      | Reached XP level 5. HP: 4/41 MP: 5/5
  2426 | D:3      | Killed from afar by an orc priest

Illustrated notes

Levels and vault maps discovered:
D:1:      doesnt_arrival_eight_statues, layout_loops_ring
D:2:      layout_rooms, basic_altar
D:3:      minmay_wonky_spiral, layout_basic

Skill      XL: |  1  2  3  4 |
---------------+-------------+-----
Polearms       | 3 4 |  4.4
Armour         | 1 2 3 |  3.0
Fighting       | |  3.0
Dodging        | |  2.6
Stealth        | |  1.7

Action                   |  1- 3 |  4- 6 || total
-------------------------+-------+-------++-------
Melee: Spear             |   150 |    68 ||   218
       Kick              |    15 |    18 ||    33
       Halberd           |       |    31 ||    31
       Punch             |       |     1 ||     1
  Use: Potion            |       |     2 ||     2
       Scroll            |       |     2 ||     2
 Stab: Sleeping          |     5 |     5 ||    10
Armor: Leather armour    |     7 |       ||     7
       Ring mail         |    24 |    26 ||    50
Dodge: Dodged            |    53 |    62 ||   115
Block: Other             |    16 |    18 ||    34
